 Dungeon Crawl Stone Soup version 0.31.0-32-g396128a36d (webtiles) character file.

Game seed: 18078075641827378002

50 Curundu the Trooper (level 3, -6/34 HPs)
             Began as a Minotaur Berserker on Mar 18, 2024.
             Was a Believer of Trog.
             Mangled by a gnoll
             ... wielding a +0 spear
              (9 damage)
             ... on level 2 of the Dungeon.
             The game lasted 00:02:50 (1178 turns).

Curundu the Trooper (Minotaur Berserker)            Turns: 1178, Time: 00:02:50

Health: -6/34      AC:  2    Str: 23    XL:     3   Next: 55%
Magic:  0/2        EV: 12    Int:  4    God:    Trog [**....]
Gold:   60         SH:  0    Dex:  9    Spells: 2/2 levels left

rFire   . . .        a - +0 hand axe
rCold   . . .        (no shield)
rNeg    . . .        b - +0 animal skin
rPois   .            (helmet restricted)
rElec   .            (no cloak)
rCorr   .            (no gloves)
SInv    .            (no boots)
Will    .....        (no amulet)
Stlth   +            (no ring)
HPRegen 0.25/turn    (no ring)
MPRegen 0.08/turn

%: no passive effects
@: no status effects
A: horns 2, retaliatory headbutt
a: Renounce Religion, Berserk, Trog's Hand


You were on level 2 of the Dungeon.
You worshipped Trog.
Trog was pleased with you.
You visited 1 branch of the dungeon, and saw 2 of its levels.

You collected 60 gold pieces.

Inventory:

Hand Weapons
 a - a +0 hand axe (weapon)
Missiles
 g - 5 boomerangs (quivered)
Armour
 b - a +0 animal skin (worn)
Scrolls
 c - 2 scrolls of enchant weapon {unknown}
 e - a scroll of identify {unknown}
 f - a scroll of amnesia {unknown}
 j - a scroll of fear {unknown}
 k - a scroll of torment {unknown}
Potions
 d - a potion of magic {unknown}
 h - a potion of mutation {unknown}
 i - a potion of haste {unknown}


   Skills:
 + Level 4.6 Fighting
 + Level 4.2 Axes
 + Level 2.8 Armour
 + Level 2.5 Dodging


You had 2 spell levels left.
You didn't know any spells.
Your spell library was empty.

Dungeon Overview and Level Annotations

Branches:
Dungeon (2/15)

Altars:


Innate Abilities, Weirdness & Mutations

You have a pair of horns on your head.
You reflexively headbutt those who attack you in melee.


Message History

You slash the gnoll!
You kill the gnoll!
Trog accepts your kill.
You closely miss the goblin. Your headbutt misses the goblin.
The goblin misses you.
The gnoll hits you from afar with a +0 spear.
The goblin misses you. The goblin attacks as it pursues you!
The goblin hits you with a +0 dagger.
There is a stone staircase leading up, spattered with blood here.
The goblin hits you with a +0 dagger.
You climb upwards.
There is a stone staircase leading down here.
You slash the goblin!
You kill the goblin!
Trog accepts your kill.
You hit the goblin.
You kill the goblin!
Trog accepts your kill.
You start resting.
HP restored.
You climb downwards.
There is a stone staircase leading up, spattered with blood here.
The gnoll hits you from afar with a +0 spear!
The gnoll hits you from afar with a +2 antimagic spear!
You feel your power leaking away. The gnoll hits you with a +0 spear!
* * * LOW HITPOINT WARNING * * *
Things that are here:
a +0 spear; a gnoll corpse You barely miss the gnoll.
You headbutt the gnoll.
The gnoll is moderately wounded.
The gnoll completely misses you. The gnoll hits you with a +0 spear.
* * * LOW HITPOINT WARNING * * *
The gnoll completely misses you. The gnoll attacks as it pursues you!
The gnoll hits you from afar with a +0 spear.
* * * LOW HITPOINT WARNING * * *
There is a stone staircase leading up, spattered with blood here.
The gnoll hits you from afar with a +0 spear!
You die...

#.##..# #.....ggg.....
#..#..###g#####g..:...
##.....##g# .......
##....##.# #...##.
##...)#)# .### ##.#..g#
.# #.##.g## ###.#
#.##.g.# #...#
#.##.#.###@#
#.##.....#.#
#..###)#r#g#
##........#g#
#..###......###### #.##
#...........#
#####.####...........#
#..............#.....#
#.........####.#.....###


You could see 2 gnolls.

Vanquished Creatures
  A gnoll (D:2)
  A ribbon worm (D:2)
  A dart slug (D:1)
  5 ball pythons
  6 bats
  4 goblins
  3 hobgoblins
  5 kobolds
  2 quokkas (D:1)
  4 rats
32 creatures vanquished.

Notes
Turn   | Place    | Note
-------+----------+-------------------------------------------
     0 | D:1      | Curundu the Minotaur Berserker began the quest for the Orb.
     0 | D:1      | Reached XP level 1. HP: 19/19 MP: 0/0
   190 | D:1      | Reached XP level 2. HP: 27/27 MP: 1/1
   726 | D:2      | Reached XP level 3. HP: 34/34 MP: 2/2
   746 | D:2      | Reached ** piety under Trog
  1178 | D:2      | Mangled by a gnoll

Illustrated notes

Levels and vault maps discovered:
D:1:      giann_forest_graveyard, layout_rooms, serial_bayou_lake_a
D:2:      layout_rooms, shapermc_ecumenical_altar_pompeii,
          minmay_misc_feat_plants

Skill      XL: |  1  2 |
---------------+-------+-----
Fighting       | 4 |  4.6
Axes           | 4 |  4.2
Armour         | |  2.8
Dodging        | |  2.5

Action                     || total
---------------------------++-------
  Melee: Hand axe          ||    82
         Headbutt          ||    12
         Punch             ||     1
 Armour: Animal skin       ||    55
  Dodge: Dodged            ||    58
